 Dungeon Crawl Stone Soup version 0.31-a0-162-gc4c5a43528 (webtiles) character file.

Game seed: 13741463495635896348

100 qw the Chopper (level 4, -5/28 HPs)
             Began as a Gargoyle Fighter on June 12, 2023.
             Slain by Grinder (8 damage)
             ... on level 3 of the Dungeon.
             The game lasted 00:01:04 (1843 turns).

qw the Chopper (Gargoyle Fighter)                   Turns: 1843, Time: 00:01:05

Health: -5/28      AC: 11    Str: 21    XL:     4   Next: 74%
Magic:  4/4        EV:  9    Int:  9    God:
Gold:   123        SH:  4    Dex:  9    Spells: 3/3 levels left

rFire   . . .        Y - +1 war axe
rCold   . . .        c - +0 buckler
rNeg    + . .        b - +0 scale mail
rPois   inf          a - +0 helmet
rElec   +            (no cloak)
rCorr   .            (no gloves)
SInv    .            (no boots)
Will    .....        (no amulet) Stlth
                     (no ring)
HPRegen 0.24/turn    (no ring)
MPRegen 0.09/turn

%: no passive effects
@: no status effects
A: sickness immunity, AC +3, negative energy resistance 1, electricity
resistance, torment resistance 1, petrification resistance
a: no special abilities


You were on level 3 of the Dungeon.
You visited 1 branch of the dungeon, and saw 3 of its levels.

You collected 123 gold pieces.


Innate Abilities, Weirdness & Mutations

You are immune to sickness and miasma.
Your stone body is resilient. (AC +3)
You are immune to poison.
You resist negative energy. (rN+)
You are resistant to electric shocks. (rElec)
You are resistant to unholy torment.
You are immune to petrification.


   Skills:
 - Level 3.2 Fighting
 + Level 4.3 Axes
 - Level 3.2 Armour
 - Level 3.2 Shields


You had 3 spell levels left.
You didn't know any spells.
Your spell library was empty.

Inventory:

Hand Weapons
 f - a +0 flail
 Y - a +1 war axe (weapon)
Armour
 a - a +0 helmet (worn)
 b - a +0 scale mail (worn)
 c - a +0 buckler (worn)
Jewellery
 g - a ring of ice
Scrolls
 i - 2 scrolls of identify
Potions
 d - 2 potions of might
 l - a potion of resistance

Dungeon Overview and Level Annotations

Branches:
Dungeon (3/15)

Altars:

Annotations:
D:3 2 transporters, Grinder; qw's ghost, amateur MiHu


Message History

Grinder blinks!
You closely miss the frilled lizard.
The frilled lizard bites you but does no damage.
You slash the frilled lizard!
You kill the frilled lizard!
Qw's ghost screams, "What do you have that I didn't have?"
Grinder hits you!
You writhe in agony.
You hit Grinder but do no damage.
Grinder is lightly wounded.
Grinder hits you.
You closely miss Grinder.
Grinder is lightly wounded.
Grinder blinks!
Grinder gestures at you. You resist with significant effort.
You hit Grinder.
Grinder is lightly wounded.
Grinder hits you.
You writhe in agony.
Grinder gestures at you.
You suddenly lose the ability to move!
Grinder gestures at you.
You barely resist. Grinder hits you. Qw's ghost says, "Do you have an apple?
I have a shot I want to try."
Grinder completely misses you.
You can move again.
You hit Grinder.
Grinder is lightly wounded.
Grinder closely misses you.
You hit Grinder but do no damage.
Grinder is lightly wounded.
You block Grinder's attack.
You closely miss Grinder.
Grinder is lightly wounded.
Grinder misses you. Grinder hits you.
You writhe in agony.
Qw's ghost says, "Do you have an apple?
I have a shot I want to try."
You completely miss Grinder.
Grinder is lightly wounded.
Grinder hits you!
You die...

#####........#.#.########
.[!.8##.......#.#.#
.....^#......##.#.#
...#..#......#.<..#
....#.#......#....#
.^....#......#....#
....#l#......#>.....
..#.W#.....##....#..
....SS#...@.##....#....
....8##.$.5.####... ...
######...%.......####+#
.^.......#$.#....
........##.##.....
...#........ ....
..<#..###.### .... ##. .
... .


You could see Grinder, qw's ghost, an adder, a ball python and a frilled lizard.

Vanquished Creatures
  Robin (D:2)
  2 adders (D:2)
  2 worms
  2 dart slugs (D:1)
  An endoplasm (D:1)
  2 giant cockroaches
  14 goblins
  7 hobgoblins
  3 jackals (D:2)
  2 kobolds (D:1)
  2 quokkas
  3 ball pythons
  7 bats
  5 frilled lizards
  3 rats
56 creatures vanquished.

Notes
Turn   | Place    | Note
-------+----------+-------------------------------------------
     0 | D:1      | qw the Gargoyle Fighter began the quest for the Orb.
     0 | D:1      | Reached XP level 1. HP: 14/14 MP: 1/1
     0 | D:1      | 0 ||| qw: Version: 0.2-a-29-gc1b59c4
     0 | D:1      | 0 ||| qw: Game counter: 4381
     0 | D:1      | 0 ||| qw: Always use a shield: true
     0 | D:1      | 0 ||| qw: God list: Okawaru
     0 | D:1      | 0 ||| qw: Allow faded altars: false
     0 | D:1      | 0 ||| qw: Do Orc after D:15 true
     0 | D:1      | 0 ||| qw: Do second Lair branch before Depths: true
     0 | D:1      | 0 ||| qw: Lair rune preference: random
     0 | D:1      | 0 ||| qw: Plans: Normal, Zot:1-4, Slime:5, God:TSO, Crypt,
                  | Tomb, Abyss, Pan, Hells, Win
     0 | D:1      | 0 ||| PLANNING D:1-11
   137 | D:1      | Reached skill level 2 in Axes
   138 | D:1      | 138 ||| Stepping ~*~*~tactically~*~*~ (hiding).
   141 | D:1      | 141 ||| Stepping ~*~*~tactically~*~*~ (hiding).
   277 | D:1      | Reached XP level 2. HP: 19/19 MP: 2/2
   308 | D:1      | Found a faded altar of an unknown god.
   309 | D:1      | 309 ||| Stepping ~*~*~tactically~*~*~ (stealth).
   339 | D:1      | 339 ||| Stepping ~*~*~tactically~*~*~ (hiding).
   640 | D:1      | Reached skill level 3 in Axes
   658 | D:1      | 658 ||| FLEEEEING.
   659 | D:1      | 659 ||| FLEEEEING.
   670 | D:1      | Reached XP level 3. HP: 23/23 MP: 3/3
  1008 | D:1      | 1008 ||| READING scroll labelled FONAEN UVVEL.
  1009 | D:1      | 1009 ||| READING 2 scrolls labelled ROSKAE DURE.
  1010 | D:1      | 1010 ||| READING 2 scrolls labelled XEIRIRONEI.
  1011 | D:1      | 1011 ||| DROPPING scroll of fog.
  1066 | D:2      | 1066 ||| Stepping ~*~*~tactically~*~*~ (hiding).
  1070 | D:2      | 1070 ||| Stepping ~*~*~tactically~*~*~ (hiding).
  1071 | D:2      | 1071 ||| Stepping ~*~*~tactically~*~*~ (hiding).
  1083 | D:2      | Noticed Robin
  1084 | D:2      | 1084 ||| Stepping ~*~*~tactically~*~*~ (hiding).
  1091 | D:2      | Killed Robin
  1094 | D:2      | Reached XP level 4. HP: 25/28 MP: 4/4
  1094 | D:2      | 1094 ||| FLEEEEING.
  1095 | D:2      | 1095 ||| FLEEEEING.
  1096 | D:2      | 1096 ||| FLEEEEING.
  1097 | D:2      | 1097 ||| FLEEEEING.
  1098 | D:2      | 1098 ||| STAIRDANCE
  1139 | D:2      | 1139 ||| STAIRDANCE
  1216 | D:2      | Reached skill level 4 in Axes
  1308 | D:2      | 1308 ||| DROPPING +0 mace.
  1384 | D:2      | 1384 ||| Stepping ~*~*~tactically~*~*~ (stealth).
  1718 | D:2      | 1718 ||| UPGRADING to +0 helmet.
  1723 | D:2      | 1723 ||| READING scroll labelled CANLUUS ROEXKE.
  1724 | D:2      | 1724 ||| READING scroll labelled YRRIKL EROJE.
  1725 | D:2      | 1725 ||| READING scroll labelled XUBROS BATT.
  1728 | D:2      | 1728 ||| DRINKING 2 smoky puce potions.
  1737 | D:2      | 1737 ||| READING 3 scrolls of identify.
  1737 | D:2      | 1737 ||| IDENTIFYING pink potion
  1738 | D:2      | 1738 ||| DROPPING potion of ambrosia.
  1808 | D:3      | Found a transporter.
  1813 | D:3      | Noticed qw's ghost (amateur MiHu)
  1816 | D:3      | Found a transporter.
  1818 | D:3      | Noticed Grinder
  1819 | D:3      | 1819 ||| Stepping ~*~*~tactically~*~*~ (hiding).
  1822 | D:3      | Paralysed by Grinder for 3 turns
  1836 | D:3      | Paralysed by Grinder for 4 turns
  1838 | D:3      | HP: 3/28 [Grinder (6)]
  1843 | D:3      | Slain by Grinder

Levels and vault maps discovered:
D:1:      dpeg_arrival_renting, layout_basic,
          hellmonk_ecumenical_altar_arch_garden
D:2:      layout_basic, chequers_mini_garden, uniq_robin
D:3:      layout_basic, gammafunk_ghost_arena, minmay_misc_feat_more_columns,
          amcnicky_mini_rare_corridor_liquid, uniq_grinder, uniq_ijyb

Skill      XL: |  1  2  3  4 |
---------------+-------------+-----
Axes           | 2 3 4 |  4.3
Fighting       | |  3.2
Armour         | |  3.2
Shields        | |  3.2

Action                     |  1- 3 |  4- 6 || total
---------------------------+-------+-------++-------
  Melee: War axe           |    87 |    73 ||   160
    Use: Scroll            |     3 |     4 ||     7
         Potion            |       |     1 ||     1
 Armour: Scale mail        |    44 |    53 ||    97
  Dodge: Dodged            |    40 |    51 ||    91
  Block: Buckler           |    13 |    13 ||    26

Table legend:
 A = Non-vault XP
 B = Vault XP
 C = Vault XP percentage of total XP
 D = Non-vault monster count
 E = Vault monster count
 F = Vault count percentage of total count
                 A         B        C        D         E       F
            +---------+---------+-------+---------+---------+-------
      Total |     106 |      38 |  26.4 |      43 |      13 |  23.2
            +---------+---------+-------+---------+---------+-------
        D:1 |      45 |       2 |   4.3 |      24 |       1 |   4.0
        D:2 |      54 |      36 |  40.0 |      16 |      12 |  42.9
        D:3 |       7 |       0 |   0.0 |       3 |       0 |   0.0
            +---------+---------+-------+---------+---------+-------
